[Event "Titled Tuesday Blitz January 31 Late 2023"]
[White "Cori T., Deysi"]
[Black "Gonzalez, Francisco Silva"]
[WhiteFideId "3801934"]
[BlackFideId "1512285"]
[WhiteElo "2362"]
[BlackElo "2021"]
[Result "1-0"]
[Round "03"]
[TimeControl "180+2"]
[Date "2023.01.31"]
[WhiteClock "0:00:32"]
[BlackClock "0:00:01"]

1. d4 Nf6 2. Nf3 d5 3. c4 e6 4. Nbd2 c5 5. cxd5 exd5 6. e3 a6 7. Bd3 Nc6 8. O-O Bg4 9. dxc5 Bxc5 10. Nb3 Bd6 11. h3 Bxf3 12. Qxf3 Ne5 13. Qe2 Nxd3 14. Qxd3 O-O 15. Rd1 Be5 16. Rb1 a5 17. Nd2 Re8 18. Nf3 Bd6 19. Bd2 Bb4 20. Bc3 Bxc3 21. bxc3 Qc7 22. Rb5 Rac8 23. Qb1 Qxc3 24. Rxb7 Qa3 25. Nd4 Ne4 26. Nb5 Qc5 27. a4 h5 28. h4 Re6 29. Qd3 Rf6 30. f3 Nc3 31. Nxc3 Qxc3 32. Qxc3 Rxc3 33. Rb8+ Kh7 34. Rxd5 g6 35. Rdd8 Re6 36. e4 Rc4 37. Rd7 Kg7 38. Rbb7 Rf6 39. e5 Rff4 40. e6 Rxa4 41. e7 Ra1+ 42. Kf2 Ra2+ 43. Kg3 Rxf3+ 44. Kxf3 Ra3+ 45. Kf4 Ra4+ 46. Ke5 Ra1 47. Kd6 Rd1+ 48. Kc7 Re1 49. Kd8 g5 50. hxg5 a4 51. e8=Q Re7 52. Rxe7 1-0


[Site "https://www.chess.com"]

[Event "Titled Tuesday Blitz January 31 Late 2023"]
[White "Goroshkov, Maksym"]
[Black "Mazurkiewicz, Michal"]
[WhiteFideId "14142716"]
[BlackFideId "1124943"]
[WhiteElo "2287"]
[BlackElo "2145"]
[Result "1-0"]
[Round "03"]
[TimeControl "180+2"]
[Date "2023.01.31"]
[WhiteClock "0:01:00"]
[BlackClock "0:00:02"]

1. e4 d6 2. d4 Nf6 3. Bd3 c5 4. dxc5 Qa5+ 5. Nc3 Qxc5 6. Be3 Qa5 7. Nf3 Nc6 8. O-O g6 9. a3 Bg7 10. b4 Qc7 11. Rc1 O-O 12. Nd5 Nxd5 13. exd5 Ne5 14. Nxe5 Bxe5 15. Bh6 Re8 16. c4 a5 17. b5 Qc5 18. Qb3 a4 19. Qa2 Bd4 20. Rce1 e5 21. Qd2 f5 22. Qg5 e4 23. h4 Bd7 24. Bb1 Qc7 25. h5 Qd8 26. hxg6 Qxg5 27. gxh7+ Kxh7 28. Bxg5 Rac8 29. Rc1 Bb2 30. Rc2 Bxa3 31. Re1 Bc5 32. Be3 a3 33. Bxc5 Rxc5 34. Re3 Rec8 35. Rxa3 Rxc4 36. Ra7 Rxc2 37. Bxc2 Rxc2 38. Rxb7 Kg6 39. Rxd7 Kf6 40. Rxd6+ Ke5 41. Rd8 Rb2 42. d6 Rb1+ 43. Kh2 Ke6 44. Rb8 Kxd6 45. b6 Kc6 46. Kg3 1-0


[Site "https://www.chess.com"]

[Event "Titled Tuesday Blitz January 31 Late 2023"]
[White "Can, Melih Kaan"]
[Black "Mladek, Richard"]
[WhiteFideId "6317383"]
[BlackFideId "386588"]
[WhiteElo "2069"]
[BlackElo "2436"]
[Result "0-1"]
[Round "03"]
[TimeControl "180+2"]
[Date "2023.01.31"]
[WhiteClock "0:00:02"]
[BlackClock "0:00:50"]

1. d4 Nf6 2. c4 e6 3. Nc3 Bb4 4. e3 O-O 5. Bd3 c5 6. Nf3 d5 7. a3 Bxc3+ 8. bxc3 dxc4 9. Bxc4 Qc7 10. Be2 Nc6 11. O-O b6 12. a4 Bb7 13. Ba3 Rfd8 14. Nd2 e5 15. dxc5 e4 16. Qc2 Ne5 17. cxb6 axb6 18. f4 Neg4 19. Bxg4 Nxg4 20. Rae1 Rd3 21. Bb4 Rad8 22. Nb3 Nxe3 23. Rxe3 Rxe3 24. f5 Ba6 25. Rd1 Red3 26. Re1 Qf4 27. Qf2 Rd1 28. Qxf4 Rxe1+ 29. Kf2 Rf1+ 30. Kg3 Rd3+ 31. Kg4 h5+ 32. Kg5 f6+ 33. Kg6 Rxf4 0-1


[Site "https://www.chess.com"]

[Event "Titled Tuesday Blitz January 31 Late 2023"]
[White "Pesotskiy, Mikhail"]
[Black "Korchmar, Vasiliy"]
[WhiteFideId "34164453"]
[BlackFideId "24131750"]
[WhiteElo "2153"]
[BlackElo "2438"]
[Result "1-0"]
[Round "03"]
[TimeControl "180+2"]
[Date "2023.01.31"]
[WhiteClock "0:00:14"]
[BlackClock "0:00:02"]

1. d4 d5 2. c4 c6 3. Nf3 Nf6 4. Nbd2 e6 5. e3 Nbd7 6. b3 Bb4 7. Bb2 Ne4 8. Qc2 f5 9. a3 Bd6 10. Ne5 Bxe5 11. dxe5 Qg5 12. g3 O-O 13. f4 Qh6 14. Nxe4 fxe4 15. O-O-O b6 16. Kb1 Bb7 17. g4 Qh4 18. Rg1 Qe7 19. f5 exf5 20. e6 Nf6 21. gxf5 Kh8 22. Be2 Rad8 23. cxd5 cxd5 24. Rg3 Rg8 25. Rdg1 Rc8 26. Qd2 Rcf8 27. Qd4 Bc6 28. h4 Be8 29. Rg5 h6 30. R5g3 Bh5 31. Bxh5 Nxh5 32. Rg6 Kh7 33. Qxd5 Rd8 34. Qxe4 Rd2 35. f6 Rxb2+ 36. Kxb2 Nxf6 37. Rxf6+ Kh8 38. Rf7 Qd6 39. Rg2 Qc5 40. e7 Qb5 41. a4 Qd7 42. Qe5 1-0


[Site "https://www.chess.com"]

[Event "Titled Tuesday Blitz January 31 Late 2023"]
[White "Atanasov, Anthony"]
[Black "Kostiukov, Alexandr"]
[WhiteFideId "2623897"]
[BlackFideId "14108100"]
[WhiteElo "2368"]
[BlackElo "2271"]
[Result "1-0"]
[Round "03"]
[TimeControl "180+2"]
[Date "2023.01.31"]
[WhiteClock "0:00:30"]
[BlackClock "0:00:08"]

1. e4 c5 2. Nf3 g6 3. d4 cxd4 4. Qxd4 Nf6 5. Nc3 Nc6 6. Qa4 d6 7. e5 dxe5 8. Nxe5 Bg7 9. Nxc6 bxc6 10. Qxc6+ Bd7 11. Qf3 O-O 12. Bd3 Qb6 13. O-O Bc6 14. Qe2 Qb7 15. f3 Rfd8 16. Rb1 Nd7 17. Bd2 Nc5 18. Bc4 a5 19. Be3 Ne6 20. Bxe6 fxe6 21. Bc5 Bd5 22. Rfe1 Qc6 23. Bxe7 Rdb8 24. Nxd5 exd5 25. c3 Re8 26. Qf2 Qc4 27. a3 d4 28. Re4 Qc7 29. Rbe1 dxc3 30. bxc3 Qxc3 31. Qa2+ Kh8 32. Bb4 Qc6 33. Rxe8+ Rxe8 34. Bxa5 1-0


[Site "https://www.chess.com"]

[Event "Titled Tuesday Blitz January 31 Late 2023"]
[White "Hoffmann, Asa"]
[Black "Diaz Perez, Michel Alejandro"]
[WhiteFideId "2001470"]
[BlackFideId "3517179"]
[WhiteElo "2185"]
[BlackElo "2414"]
[Result "0-1"]
[Round "03"]
[TimeControl "180+2"]
[Date "2023.01.31"]
[WhiteClock "0:01:10"]
[BlackClock "0:01:27"]

1. d4 Nf6 2. Bg5 Ne4 3. Bf4 c5 4. f3 Nf6 5. dxc5 Qa5+ 6. Nc3 Qxc5 7. e4 a6 8. Qd2 d6 9. g4 Be6 10. Be3 Qa5 11. Nge2 Nc6 12. Nd4 Nxd4 13. Bxd4 b5 14. a3 Rc8 15. Be2 h5 16. g5 Nd7 17. h4 Ne5 18. Bxe5 dxe5 19. Rd1 Qb6 20. Nd5 Bxd5 21. Qxd5 Qc7 22. c3 e6 23. Qb3 Bc5 24. a4 O-O 25. axb5 axb5 26. Kf1 g6 27. Kg2 Rb8 28. Bxb5 Ba7 29. c4 Qc5 30. Rhf1 Rfd8 31. Rd3 Bb6 32. Qd1 Rxd3 33. Qxd3 Rd8 34. Qc3 Qe3 35. Qxe3 Bxe3 36. Rb1 Rd2+ 37. Kg3 Bf4+ 38. Kh3 Rh2# 0-1


[Site "https://www.chess.com"]

[Event "Titled Tuesday Blitz January 31 Late 2023"]
[White "OKEKE, Isaac Chukwudalu"]
[Black "Aldokhin, Ivan"]
[WhiteFideId "8508526"]
[BlackFideId "24115720"]
[WhiteElo "2155"]
[BlackElo "2413"]
[Result "1-0"]
[Round "03"]
[TimeControl "180+2"]
[Date "2023.01.31"]
[WhiteClock "0:00:15"]
[BlackClock "0:00:02"]

1. e4 c5 2. Nf3 e6 3. d4 cxd4 4. Nxd4 a6 5. c4 Qc7 6. Be2 Nf6 7. Nc3 Bb4 8. Qd3 d5 9. exd5 exd5 10. Qe3+ Be7 11. cxd5 O-O 12. O-O Bd6 13. h3 Re8 14. Qd3 Nbd7 15. Be3 Ne5 16. Qd2 Nc4 17. Bxc4 Qxc4 18. Nf3 Ne4 19. Nxe4 Qxe4 20. Qd4 Qg6 21. Qh4 h6 22. Rfe1 Re4 23. Qd8+ Kh7 24. Nh4 Qh5 25. Bc5 Rxe1+ 26. Rxe1 Bxc5 27. Re8 g5 28. Qf6 Bxh3 29. Qh8# 1-0


[Site "https://www.chess.com"]

[Event "Titled Tuesday Blitz January 31 Late 2023"]
[White "Janaszak, Dawid"]
[Black "Pino Perez, Lazaro"]
[WhiteFideId "1119206"]
[BlackFideId "3517055"]
[WhiteElo "2316"]
[BlackElo "2142"]
[Result "1-0"]
[Round "03"]
[TimeControl "180+2"]
[Date "2023.01.31"]
[WhiteClock "0:00:05"]
[BlackClock "0:00:03"]

1. e4 c5 2. Nc3 g6 3. Bc4 Bg7 4. h4 h5 5. Qf3 e6 6. d4 cxd4 7. Nb5 d6 8. Bf4 Be5 9. Bxe5 dxe5 10. Qa3 Ne7 11. Nd6+ Kf8 12. Nf3 f6 13. O-O-O Nbc6 14. Ng5 fxg5 15. Qf3+ Nf5 16. exf5 gxf5 17. Nxc8 Qxc8 18. hxg5 Kg7 19. Rxh5 Rxh5 20. Qxh5 Qh8 21. Qe2 Re8 22. g3 Qh3 23. Bb3 Qg4 24. Qb5 Re7 25. Qc5 Qxg5+ 26. f4 Qxg3 27. fxe5 Qxe5 28. Qc4 Kf6 29. a3 Rg7 30. Qf1 Na5 31. Ba2 Rg4 32. Qh1 Qe3+ 33. Kb1 Qg5 34. Re1 Nc6 35. Rxe6+ Kg7 36. Re1 d3 37. cxd3 Rg2 38. Bd5 Rg3 39. Bxc6 bxc6 40. Qxc6 Rg1 41. Qb7+ Kh6 42. Rxg1 Qxg1+ 43. Ka2 Qd4 44. Qf3 Kg5 45. Kb3 f4 46. Kc2 Qc5+ 47. Kd2 Qa5+ 48. Ke2 Qe5+ 49. Kf1 Qxb2 50. Qd5+ Kg4 51. Qe6+ Kf3 52. Qe4+ Kg3 53. Qe1+ Kg4 54. Qe2+ Kg3 55. Qxb2 1-0


[Site "https://www.chess.com"]

[Event "Titled Tuesday Blitz January 31 Late 2023"]
[White "Denishev, Marat"]
[Black "Fernandez Siles, Luis"]
[WhiteFideId "24131563"]
[BlackFideId "2209420"]
[WhiteElo "2255"]
[BlackElo "2218"]
[Result "1-0"]
[Round "03"]
[TimeControl "180+2"]
[Date "2023.01.31"]
[WhiteClock "0:01:46"]
[BlackClock "0:00:59"]

1. d4 Nf6 2. c4 g6 3. Nf3 Bg7 4. g3 O-O 5. Bg2 d6 6. O-O c6 7. Nc3 Qa5 8. e4 e5 9. Be3 Bg4 10. d5 cxd5 11. cxd5 Rc8 12. h3 Bxf3 13. Bxf3 b5 14. Qd3 a6 15. a3 Nbd7 16. Rfc1 b4 17. axb4 Qxb4 18. Rcb1 a5 19. Qb5 Rcb8 20. Qxb4 axb4 21. Rxa8 Rxa8 22. Nb5 Ne8 23. Rc1 Rb8 24. Na7 Bf6 25. Nc6 Ra8 26. Nxb4 Rb8 27. Nd3 Rb3 28. Be2 Kf8 29. Rc3 Rb8 30. b4 Bd8 31. Rb3 Bb6 32. Bh6+ Ke7 33. Kg2 Nc7 34. Nb2 Nb5 35. Bxb5 1-0


[Site "https://www.chess.com"]

[Event "Titled Tuesday Blitz January 31 Late 2023"]
[White "Wilson, Elvin"]
[Black "Golding, Alex"]
[WhiteFideId "2014874"]
[BlackFideId "427241"]
[WhiteElo "2183"]
[BlackElo "2318"]
[Result "0-1"]
[Round "03"]
[TimeControl "180+2"]
[Date "2023.01.31"]
[WhiteClock "0:00:01"]
[BlackClock "0:01:09"]

1. c4 e5 2. Nc3 Nc6 3. g3 g6 4. Bg2 Bg7 5. e4 Nge7 6. Nge2 O-O 7. O-O Nd4 8. Nxd4 exd4 9. Ne2 d6 10. d3 Rb8 11. b4 a6 12. Bb2 c5 13. a3 Nc6 14. Rb1 Qe7 15. Nf4 Be6 16. Re1 b5 17. Nd5 Qd7 18. cxb5 axb5 19. bxc5 dxc5 20. Rc1 Qd6 21. Qc2 c4 22. dxc4 bxc4 23. Qxc4 Rxb2 24. Qxc6 Qxa3 25. e5 d3 26. Ra1 Qb3 27. Nf6+ Bxf6 28. exf6 d2 29. Red1 Bg4 30. f3 Qe3+ 31. Kh1 Bf5 32. Qd6 h5 33. Qxf8+ Kxf8 34. Ra8+ Qe8 35. Rxe8+ Kxe8 36. Kg1 Bd7 37. Kf2 Ba4 38. Ke2 Bxd1+ 39. Kxd1 Kd7 40. g4 h4 41. g5 Ke6 42. Bh3+ Ke5 43. Bf1 Kf4 0-1


[Site "https://www.chess.com"]

[Event "Titled Tuesday Blitz January 31 Late 2023"]
[White "Real_taiatai"]
[Black "Lizak, Peter"]
[BlackFideId "731595"]
[WhiteElo "2316"]
[BlackElo "2411"]
[Result "0-1"]
[Round "03"]
[TimeControl "180+2"]
[Date "2023.01.31"]
[WhiteClock "0:00:25"]
[BlackClock "0:00:14"]

1. d4 Nf6 2. c4 c5 3. d5 g6 4. g3 d6 5. Bg2 Bg7 6. Nc3 O-O 7. e4 e6 8. Nf3 exd5 9. cxd5 Re8 10. Nd2 b5 11. Nxb5 Ba6 12. a4 Nxe4 13. Nxe4 Bxb5 14. axb5 f5 15. O-O fxe4 16. Ra4 Nd7 17. Bf4 Ne5 18. Rxe4 Qb6 19. Qa4 Rab8 20. Rfe1 Qxb5 21. Qxa7 Qxb2 22. Qc7 Qb6 23. Qxb6 Rxb6 24. Bh3 Nf3+ 25. Kf1 Rxe4 26. Rxe4 Rb1+ 27. Kg2 Ne1+ 28. Rxe1 Rxe1 29. Bxd6 c4 30. Bb4 Rd1 31. Be6+ Kh8 32. d6 c3 33. Bb3 Rd3 34. Ba4 Rd5 35. d7 c2 36. Ba3 Bf6 37. Kf3 Rd3+ 38. Ke2 Rxa3 39. Bxc2 Ra2 40. Kd3 Bd8 41. f4 Kg7 42. Bb3 Ra7 43. Be6 Kf6 44. Bg4 Ra2 45. h4 Rg2 46. Ke4 Rxg3 47. Bf3 Rxf3 48. Kxf3 Ke6 49. Kg4 h5+ 50. Kf3 Kxd7 51. Ke4 Ke6 52. f5+ gxf5+ 53. Kf4 Bxh4 54. Kf3 Bf6 55. Kf4 Be5+ 56. Kf3 Kf6 57. Kg2 Kg5 58. Kh3 f4 59. Kg2 Kg4 60. Kf2 f3 61. Kg1 Kg3 62. Kf1 f2 63. Ke2 Kg2 0-1


[Site "https://www.chess.com"]

[Event "Titled Tuesday Blitz January 31 Late 2023"]
[White "Szabo, Marcell"]
[Black "Smith, Garrett L"]
[WhiteFideId "2072033"]
[BlackFideId "2024829"]
[WhiteElo "1895"]
[BlackElo "2047"]
[Result "1/2-1/2"]
[Round "03"]
[TimeControl "180+2"]
[Date "2023.01.31"]
[WhiteClock "0:00:15"]
[BlackClock "0:00:13"]

1. e4 c5 2. Nf3 Nc6 3. b4 cxb4 4. d4 g6 5. Bc4 Bg7 6. O-O e6 7. a3 d5 8. exd5 exd5 9. Bb5 Ne7 10. axb4 O-O 11. c3 Nf5 12. Re1 Nd6 13. Bd3 Bf5 14. Bxf5 Nxf5 15. Nbd2 Re8 16. Nb3 Rxe1+ 17. Qxe1 Nd6 18. Nc5 b6 19. Nd3 Ne4 20. Bf4 Qd7 21. Nfe5 Nxe5 22. Nxe5 Qc8 23. Rc1 a5 24. f3 Nd6 25. bxa5 Rxa5 26. Qd1 Nb5 27. Qb3 Qa8 28. Nd7 Qc6 29. Ne5 Bxe5 30. Bxe5 Ra3 31. Qb4 Rxc3 32. Re1 Rc1 33. Rxc1 Qxc1+ 34. Kf2 Qc2+ 35. Kg3 Nc3 36. Qe7 Ne4+ 37. fxe4 Qd3+ 38. Kh4 Qxe4+ 39. Kh3 Qf5+ 40. Kg3 Qd3+ 41. Kh4 Qe4+ 42. g4 Qe1+ 43. Kh3 Qe3+ 44. Kg2 Qe2+ 45. Kg3 Qe3+ 46. Kh4 Qe1+ 47. Kh3 Qe3+ 48. Kg2 Qe2+ 49. Kg1 Qe1+ 50. Kg2 Qe2+ 1/2-1/2


[Site "https://www.chess.com"]

[Event "Titled Tuesday Blitz January 31 Late 2023"]
[White "Martynov, Pavel"]
[Black "Coelho, Ramyres Santana"]
[WhiteFideId "4101260"]
[BlackFideId "2120690"]
[WhiteElo "2414"]
[BlackElo "1981"]
[Result "1-0"]
[Round "03"]
[TimeControl "180+2"]
[Date "2023.01.31"]
[WhiteClock "0:00:48"]
[BlackClock "0:00:53"]

1. e4 c5 2. Nf3 d6 3. Bb5+ Nd7 4. O-O a6 5. Bxd7+ Bxd7 6. c3 Nf6 7. Re1 e6 8. d4 cxd4 9. cxd4 Be7 10. Nc3 O-O 11. e5 dxe5 12. dxe5 Ne8 13. Be3 Bc6 14. Nd4 Rc8 15. Qb3 Bd5 16. Nxd5 Qxd5 17. Nf5 Bc5 18. Qxd5 exd5 19. Rac1 b6 20. Ne7+ Bxe7 21. Rxc8 Bc5 22. Bxc5 bxc5 23. Rxc5 d4 24. Rc8 g6 25. Rd1 Ng7 26. Rxf8+ Kxf8 27. Rxd4 Ke7 28. Ra4 Ke6 29. f4 Nf5 30. Rxa6+ Kd5 31. a4 Ke4 32. g3 Kf3 33. Rf6 Nd4 34. Rxf7 Ke2 35. Kg2 h5 36. e6 Nf3 37. e7 Ne1+ 38. Kh3 Nf3 39. e8=Q+ Kf2 40. Qe3+ Kxe3 41. Kg2 Ne1+ 42. Kf1 Nd3 43. a5 Nc5 44. b4 Ne4 45. Re7 Kd4 46. Rxe4+ Kxe4 47. a6 h4 48. gxh4 Kxf4 49. a7 Kg4 50. a8=Q Kxh4 51. Qf3 g5 52. Qg3+ Kh5 53. b5 g4 54. b6 Kg5 55. b7 Kf5 56. b8=Q Ke4 57. Qbf4+ Kd5 58. Qd3+ Ke6 59. Qdd6# 1-0


[Site "https://www.chess.com"]

[Event "Titled Tuesday Blitz January 31 Late 2023"]
[White "Sztokbant, Bernardo Vainzoff"]
[Black "Lopez Del Alamo, Antonio"]
[WhiteFideId "2115956"]
[BlackFideId "2227339"]
[WhiteElo "2213"]
[BlackElo "2280"]
[Result "1-0"]
[Round "03"]
[TimeControl "180+2"]
[Date "2023.01.31"]
[WhiteClock "0:00:03"]
[BlackClock "0:00:11"]

1. e4 c5 2. Nf3 e6 3. d4 cxd4 4. Nxd4 Nf6 5. Nc3 Nc6 6. Nxc6 bxc6 7. Bd3 e5 8. O-O Bc5 9. Qe2 Qe7 10. Be3 O-O 11. Kh1 Bxe3 12. Qxe3 Nh5 13. g3 Nf6 14. f4 Ng4 15. Qf3 d6 16. f5 Nf6 17. g4 Nd7 18. Qg3 Nc5 19. g5 f6 20. Bc4+ Kh8 21. g6 h6 22. Rad1 Bb7 23. Kg1 Rad8 24. b4 Na6 25. a3 Nc7 26. Bd3 a5 27. Qe3 axb4 28. axb4 d5 29. Qb6 Rb8 30. Na4 Ba8 31. Qc5 Qxc5+ 32. bxc5 Rb4 33. Nb6 dxe4 34. Be2 Nd5 35. Nxd5 cxd5 36. Rb1 Rxb1 37. Rxb1 Rc8 38. Ra1 Kg8 39. Ra7 Kh8 40. Ba6 Rb8 41. Kf2 d4 42. Ke2 Bd5 43. Rd7 Bg8 44. c6 Ra8 45. c7 Rxa6 46. c8=Q Ra2 47. Qxg8+ Kxg8 48. Rd8# 1-0


[Site "https://www.chess.com"]

[Event "Titled Tuesday Blitz January 31 Late 2023"]
[White "Gardezi, Arsal"]
[Black "Pasti, Aron"]
[WhiteFideId "30949521"]
[BlackFideId "785857"]
[WhiteElo "2093"]
[BlackElo "2361"]
[Result "0-1"]
[Round "03"]
[TimeControl "180+2"]
[Date "2023.01.31"]
[WhiteClock "0:00:12"]
[BlackClock "0:00:36"]

1. e4 c5 2. Nf3 e6 3. c3 d5 4. exd5 Qxd5 5. d4 Nc6 6. Be3 cxd4 7. cxd4 Bb4+ 8. Nc3 Nf6 9. Bd3 Qa5 10. O-O O-O 11. Rc1 b6 12. a3 Bxc3 13. Rxc3 Bb7 14. Ng5 h6 15. Ne4 Nd5 16. Rb3 Nxe3 17. fxe3 Qd5 18. Rb5 Qd7 19. Qg4 f5 20. Qg6 Ne7 21. Qg3 fxe4 22. Rxf8+ Rxf8 23. Bc4 Ba6 24. Qe5 Rf6 25. d5 Bxb5 26. dxe6 Qd1+ 0-1


[Site "https://www.chess.com"]

[Event "Titled Tuesday Blitz January 31 Late 2023"]
[White "Machidon, Cristi"]
[Black "Rosenberg, Evan S"]
[WhiteFideId "13904590"]
[BlackFideId "2019299"]
[WhiteElo "2301"]
[BlackElo "1956"]
[Result "0-1"]
[Round "03"]
[TimeControl "180+2"]
[Date "2023.01.31"]
[WhiteClock "0:00:05"]
[BlackClock "0:00:03"]

1. c4 e6 2. Nc3 d5 3. e3 c5 4. d4 Nf6 5. Nf3 a6 6. cxd5 exd5 7. Bd3 cxd4 8. Nxd4 Nc6 9. O-O Nxd4 10. exd4 Bd6 11. Re1+ Be6 12. Bf5 O-O 13. Bxe6 fxe6 14. Rxe6 Qd7 15. Qe2 Rae8 16. Rxe8 Rxe8 17. Be3 Ng4 18. h3 Nxe3 19. Re1 Bf4 20. Qf3 Rf8 21. Rxe3 Bxe3 22. Qxe3 Re8 23. Qf3 Re1+ 24. Kh2 Qd6+ 25. g3 h6 26. Nxd5 Kh8 27. Kg2 Re8 28. h4 Rd8 29. Nf4 Qxd4 30. Qxb7 Qd7 31. Ng6+ Kg8 32. Qb3+ Kh7 33. h5 Qd5+ 34. Qxd5 Rxd5 35. Kf3 Rxh5 36. Nf4 Rb5 37. b3 a5 38. Nd3 a4 39. b4 a3 40. Ke4 g6 41. Kd4 h5 42. f4 g5 43. Kc4 Rf5 44. b5 h4 45. g4 Rf8 46. f5 h3 47. Nf2 h2 48. b6 Rc8+ 49. Kb5 Rc2 50. b7 Rxf2 51. Ka6 Rb2 52. Ka7 Rxb7+ 53. Kxb7 h1=Q+ 54. Kc7 Qg2 0-1


[Site "https://www.chess.com"]

[Event "Titled Tuesday Blitz January 31 Late 2023"]
[White "Shapiro, Viktor"]
[Black "Altun, Arda"]
[WhiteFideId "4175700"]
[BlackFideId "34511580"]
[WhiteElo "2192"]
[BlackElo "2218"]
[Result "1-0"]
[Round "03"]
[TimeControl "180+2"]
[Date "2023.01.31"]
[WhiteClock "0:00:22"]
[BlackClock "0:00:16"]

1. c4 c6 2. d4 d5 3. Nf3 Nf6 4. Nc3 dxc4 5. a4 Bf5 6. e3 e6 7. Bxc4 Bb4 8. O-O O-O 9. Ne2 Nbd7 10. b3 Qe7 11. Bb2 c5 12. Ng3 Bg6 13. Qe2 Rfd8 14. Rad1 a5 15. h4 h6 16. Ne5 Nxe5 17. dxe5 Nd7 18. Qg4 Nb6 19. h5 Bh7 20. Bb5 Rxd1 21. Rxd1 Rd8 22. Rd6 Nc8 23. Ne4 Bxe4 24. Rxd8+ Qxd8 25. Qxe4 Qd1+ 26. Bf1 Qd5 27. Qc2 Nb6 28. Be2 Qd7 29. Bf3 c4 30. bxc4 Nxa4 31. Bd4 Nc5 32. g3 a4 33. Qb1 Nb3 34. Kg2 Nxd4 35. exd4 Bc3 36. d5 a3 37. Qb3 Bb2 38. d6 Bxe5 39. Qxa3 Bxd6 40. Qa8+ Kh7 41. Bxb7 Qc7 42. Be4+ f5 43. Bd3 Qc5 44. Qe8 Qe5 45. Qg6+ Kg8 46. Qe8+ Kh7 47. Qg6+ Kg8 48. c5 Bxc5 49. Bb5 Bxf2 50. Qe8+ Kh7 51. Kxf2 Qd4+ 52. Ke2 Qe4+ 53. Kd2 Qd4+ 54. Kc2 Qf2+ 55. Kb1 Qe1+ 56. Kc2 Qf2+ 57. Kd1 Qg1+ 58. Kd2 Qf2+ 59. Be2 Qxg3 60. Qxe6 Qg5+ 61. Kd3 Qg3+ 62. Kc4 Qf4+ 63. Kc5 Qc1+ 64. Kd6 Qd2+ 65. Ke7 Qg5+ 66. Kf7 Qf4 67. Qg6+ 1-0


[Site "https://www.chess.com"]

[Event "Titled Tuesday Blitz January 31 Late 2023"]
[White "Bayo Milagro, Alvaro"]
[Black "Bulgurlu, Okan"]
[WhiteFideId "22275240"]
[BlackFideId "6352316"]
[WhiteElo "2287"]
[BlackElo "1908"]
[Result "1-0"]
[Round "03"]
[TimeControl "180+2"]
[Date "2023.01.31"]
[WhiteClock "0:00:07"]
[BlackClock "0:00:06"]

1. Nf3 d5 2. c4 c6 3. e3 Nf6 4. Nc3 e6 5. b3 Be7 6. Bb2 O-O 7. Qc2 Na6 8. Be2 Nb4 9. Qb1 c5 10. a3 Nc6 11. cxd5 exd5 12. d4 Na5 13. Qd1 Qb6 14. Nb5 a6 15. dxc5 Bxc5 16. Nbd4 Nc6 17. O-O Bg4 18. Nxc6 bxc6 19. Bxf6 gxf6 20. b4 Be7 21. Nd4 Be6 22. Bd3 f5 23. Nxf5 Bxf5 24. Bxf5 Rfe8 25. Qh5 Bf6 26. Rac1 a5 27. Qxh7+ Kf8 28. Qh6+ Ke7 29. Qf4 axb4 30. axb4 Rab8 31. e4 Qxb4 32. Rxc6 dxe4 33. Rc7+ Kf8 34. Bg6 Re7 35. Rxe7 Qxe7 36. Qxb8+ Kg7 37. Bh5 Be5 38. Qb5 Qg5 39. Qe2 Qh4 40. g3 Qh3 41. Qg4+ Qxg4 42. Bxg4 Kf6 43. Re1 Kg5 44. Rxe4 f5 45. Rxe5 Kxg4 46. Kg2 f4 47. f3# 1-0


[Site "https://www.chess.com"]

[Event "Titled Tuesday Blitz January 31 Late 2023"]
[White "Richter, Paul"]
[Black "Szente Varga, Fruzsina"]
[WhiteFideId "2046350"]
[BlackFideId "712264"]
[WhiteElo "2171"]
[BlackElo "2075"]
[Result "1-0"]
[Round "03"]
[TimeControl "180+2"]
[Date "2023.01.31"]
[WhiteClock "0:00:22"]
[BlackClock "0:00:15"]

1. e4 Nf6 2. e5 Nd5 3. c4 Nb6 4. d4 d6 5. exd6 exd6 6. Nc3 Be7 7. Bd3 O-O 8. Nge2 Nc6 9. b3 Bf6 10. O-O Bg4 11. Be3 h6 12. Qd2 Re8 13. h3 Bh5 14. Nf4 g6 15. Nxh5 gxh5 16. Ne2 Bg5 17. Nf4 h4 18. Bc2 a5 19. Qd3 Nb4 20. Qh7+ Kf8 21. Bg6 Qf6 22. Bf5 Qg7 23. Qxg7+ Kxg7 24. Rfe1 Kf6 25. Bh7 Kg7 26. Bf5 Re7 27. a3 Nc6 28. d5 Ne5 29. Nh5+ Kf8 30. Bxb6 cxb6 31. f4 Rae8 32. fxe5 dxe5 33. d6 1-0


[Site "https://www.chess.com"]

[Event "Titled Tuesday Blitz January 31 Late 2023"]
[White "Riverol, Jose"]
[Black "Moral Garcia, Serafin"]
[WhiteFideId "3000427"]
[BlackFideId "2201925"]
[WhiteElo "2304"]
[BlackElo "2238"]
[Result "0-1"]
[Round "03"]
[TimeControl "180+2"]
[Date "2023.01.31"]
[WhiteClock "0:00:02"]
[BlackClock "0:00:40"]

1. d4 Nf6 2. c4 g6 3. Nc3 d5 4. Nf3 Bg7 5. Bg5 Ne4 6. Bh4 Nxc3 7. bxc3 dxc4 8. e3 b5 9. a4 c6 10. Qb1 a6 11. Be2 O-O 12. O-O Bf5 13. e4 Bg4 14. h3 Bxf3 15. Bxf3 Ra7 16. Rd1 Qc8 17. Qb4 Re8 18. e5 Nd7 19. Bg4 e6 20. f4 Nb6 21. Bf3 Nxa4 22. Rxa4 bxa4 23. Qxa4 Rc7 24. Rb1 c5 25. d5 exd5 26. Bxd5 Bf8 27. Bxc4 Be7 28. Bf2 Rd8 29. Bxa6 Qf5 30. Re1 Rcd7 31. Be2 Rd2 0-1


[Site "https://www.chess.com"]

[Event "Titled Tuesday Blitz January 31 Late 2023"]
[White "EdmundPlayer"]
[Black "Kim, Sergey"]
[BlackFideId "13700570"]
[WhiteElo "2313"]
[BlackElo "2295"]
[Result "0-1"]
[Round "03"]
[TimeControl "180+2"]
[Date "2023.01.31"]
[WhiteClock "0:01:02"]
[BlackClock "0:02:41"]

1. e4 e5 2. Nf3 Nc6 3. Bb5 a6 4. Ba4 Nf6 5. O-O b5 6. Bb3 Bc5 7. c3 d6 8. d4 Bb6 9. a4 Bb7 10. Re1 h6 11. Bc2 O-O 12. Be3 exd4 13. Nxd4 Nxd4 14. Bxd4 c5 15. Be3 Re8 16. f3 d5 17. a5 Ba7 18. exd5 Rxe3 19. Rxe3 c4 0-1


[Site "https://www.chess.com"]

[Event "Titled Tuesday Blitz January 31 Late 2023"]
[White "Kohler, Aran"]
[Black "Reprintsev, Alexander"]
[WhiteFideId "1002856"]
[BlackFideId "14100541"]
[WhiteElo "2010"]
[BlackElo "2253"]
[Result "0-1"]
[Round "03"]
[TimeControl "180+2"]
[Date "2023.01.31"]
[WhiteClock "0:00:36"]
[BlackClock "0:01:17"]

1. Nf3 d5 2. d4 Nc6 3. Bf4 Bg4 4. e3 e6 5. Nbd2 Bd6 6. Bg3 f5 7. c3 Qf6 8. Bxd6 cxd6 9. Bb5 Ne7 10. h3 Bh5 11. a4 O-O 12. Be2 f4 13. e4 Kh8 14. O-O e5 15. dxe5 dxe5 16. exd5 Nxd5 17. Ne4 Qd8 18. c4 Ndb4 19. Nd6 Qe7 20. c5 e4 21. Ne1 f3 22. gxf3 Qg5+ 23. Kh1 Qxc5 24. Nxe4 Qe5 25. Ng3 Rad8 26. f4 Rxd1 27. fxe5 Bxe2 28. Rxd1 Bxd1 29. f4 Bxa4 30. Nf3 Rxf4 31. e6 Ne7 32. Nh5 Rxf3 0-1


[Site "https://www.chess.com"]

[Event "Titled Tuesday Blitz January 31 Late 2023"]
[White "Olsson, William"]
[Black "O`Gorman, Tom"]
[WhiteFideId "1741721"]
[BlackFideId "2508249"]
[WhiteElo "2355"]
[BlackElo "2355"]
[Result "0-1"]
[Round "03"]
[TimeControl "180+2"]
[Date "2023.01.31"]
[WhiteClock "0:01:25"]
[BlackClock "0:01:45"]

1. c4 Nf6 2. g3 g6 3. Bg2 Bg7 4. Nc3 O-O 5. Nf3 d6 6. O-O Nc6 7. Rb1 a5 8. a3 e5 9. b4 axb4 10. axb4 Re8 11. d3 e4 12. Ne1 Bf5 13. b5 Nd4 14. e3 Bg4 15. Qd2 Nf3+ 16. Nxf3 exf3 17. Bh1 Qd7 18. Bb2 Qf5 19. e4 Qh5 20. Qf4 Re6 21. Nd1 Bh6 22. Bxf6 Bxf4 0-1


[Site "https://www.chess.com"]